 Dungeon Crawl Stone Soup version 0.32-a0-656-g3542139ebd (webtiles) character file.

Game seed: 9132690308835223471

118735 jasper the Executioner (level 16, -1/152 HPs)
             Began as a Mountain Dwarf Berserker on Mar 8, 2024.
             Was a High Priest of Trog.
             Shot with a bolt by a naga sharpshooter (18 damage)
             ... on level 1 of the Snake Pit.
             The game lasted 00:40:27 (28097 turns).

jasper the Executioner (Mountain Dwarf Berserker)  Turns: 28097, Time: 00:40:28

Health: -1/152     AC: 30    Str: 34    XL:     16   Next: 26%
Magic:  16/16      EV: 10    Int: 13    God:    Trog [*****.]
Gold:   3005       SH:  0    Dex:  9    Spells: 15/15 levels left

rFire   . . .        e - +8 executioner's axe (flame)
rCold   + + .        (shield currently unavailable)
rNeg    . . .        B - +2 plate armour {rC+}
rPois   +            U - +2 helmet {Int+3}
rElec   .            q - +2 cloak
rCorr   .            f - +0 pair of gloves of Privacy {*Slow +Inv Str+8}
SInv    .            A - +0 pair of boots
Will    +++..        h - amulet of faith Stlth
                     t - ring of protection from cold
HPRegen 1.45/turn    g - ring of poison resistance
MPRegen 0.15/turn

%: slow self (1%), faith
@: lethally poisoned (-1 -> -1), strong-willed, regenerating, slowed, studying 2
skills, very slow
A: runic magic, artefact enchanting
a: Renounce Religion, Evoke Invisibility, Berserk, Trog's Hand, Brothers in Arms


You were on level 1 of the Snake Pit.
You worshipped Trog.
Trog was extremely pleased with you.
You visited 4 branches of the dungeon, and saw 23 of its levels.
You also visited: Bailey and Ice Cave.

You collected 3820 gold pieces.
You spent 815 gold pieces at shops.

Inventory:

Hand Weapons
 e - a +8 executioner's axe of flaming (weapon)
 O - a +6 battleaxe
Missiles
 l - 25 boomerangs (quivered)
 F - a throwing net
 K - 6 silver javelins
 T - 5 curare-tipped darts
Armour
 f - the +0 pair of gloves of Privacy (worn) {*Slow +Inv Str+8}
   (You acquired it in a bailey)

   Str+8:     It affects your strength (+8).
   +Inv:      It lets you turn invisible.
   *Slow:     It may slow you when you take damage.
 q - a +2 cloak (worn)
 A - a +0 pair of boots (worn)
 B - a +2 plate armour of cold resistance (worn)
 U - a +2 helmet of intelligence (worn)
Jewellery
 d - a ring of flight
 g - a ring of poison resistance (right hand)
 h - an amulet of faith (around neck)
 m - a ring of fire
 n - a ring of ice
 r - a ring of willpower
 t - a ring of protection from cold (left hand)
 y - a ring of willpower
Wands
 j - a wand of warping (7)
 u - a wand of flame (6)
 H - a wand of mindburst (11)
 I - a wand of paralysis (7)
 J - a wand of quicksilver (10)
 L - a wand of digging (8)
Scrolls
 a - a scroll of blinking
 b - a scroll of revelation
 s - 4 scrolls of fear
 C - 3 scrolls of vulnerability
 E - 4 scrolls of fog
 R - 2 scrolls of silence
 S - 3 scrolls of immolation
 V - a scroll of torment
 Y - 2 scrolls of teleportation
Potions
 c - a potion of enlightenment
 i - 11 potions of curing
 k - 8 potions of haste
 o - 5 potions of cancellation
 p - 5 potions of lignification
 v - 3 potions of degeneration
 w - 3 potions of might
 x - 6 potions of mutation
 z - 4 potions of resistance
 D - 5 potions of magic
 G - a potion of berserk rage
 M - a potion of invisibility
 N - 4 potions of brilliance
 W - 2 potions of attraction
 X - 2 potions of ambrosia {unknown}
 Z - 5 potions of heal wounds {unknown}
Miscellaneous
 P - a lightning rod (4/4)
 Q - a sack of spiders


   Skills:
 * Level 16.5 Fighting
 - Level 24.0 Axes
 + Level 15.8 Armour
 + Level 4.4 Dodging
 + Level 4.1 Evocations


You had 15 spell levels left.
You didn't know any spells.
Your spell library was empty.

Dungeon Overview and Level Annotations

Branches:
Dungeon (15/15)            Temple (0/1) D:6            Lair (5/5) D:9
 Shoals (0/4) Lair:3        Snake (1/4) Lair:3        Slime (0/5) Lair:4
    Orc (2/2) D:11            Elf (0/3) Orc:2        Vaults (0/5) D:14
 Depths (0/4) D:15         Bailey (visited)           IceCv (visited)

Altars:
Cheibriados
Hepliaklqana
Makhleb
Okawaru
Qazlal
Ru
Sif Muna
Wu Jian
Xom
Beogh
Jiyva

Shops:
D:1 ([(:   D:5 !   D:15 *   Orc:2 =*[(

Annotations:
D:12 Rupert
Lair:2 1 runed translucent door, Ugeubom's ghost, journeyman DrSh
Lair:5 exclusion: obsidian statue


Innate Abilities, Weirdness & Mutations

Your spellcasting is much less encumbered by armour.
You can use scrolls of enchantment on lesser artefacts.


Message History

The shock serpent hisses angrily.
The naga sharpshooter gestures wildly while chanting.
The naga sharpshooter magically shoots a bolt.
The bolt hits you but does no damage.
You take 2 damage, and have 103/152 hp.
You feel sick.
The naga sharpshooter casts a spell.
The naga sharpshooter magically shoots a bolt.
The bolt hits you but does no damage.
The shock serpent shoots out a bolt of lightning at you!
The bolt of electricity hits you!! The bolt of electricity hits you.
You feel yourself slow down.
You see here a +0 trident.
You take 23 damage, and have 80/152 hp.
You slash the naga sharpshooter! You burn the naga sharpshooter.
The naga sharpshooter is almost dead.
You feel sick.
The naga sharpshooter mumbles some strange words.
The naga sharpshooter magically shoots a bolt.
The bolt hits you!
You take 11 damage, and have 69/152 hp.
You closely miss the naga sharpshooter.
The naga sharpshooter is almost dead.
You feel sick.
The naga sharpshooter gestures wildly while chanting.
The shock serpent shoots out a bolt of lightning at you!
The bolt of electricity hits you!! The bolt of electricity hits you!
* * * LOW HITPOINT WARNING * * *
The naga sharpshooter casts a spell.
You take 35 damage, and have 34/152 hp.
MASSIVE DAMAGE!!
Your skin crawls.
You feel strong-willed.
You feel sick.
The shock serpent shoots out a bolt of lightning at you!
The bolt of electricity hits you.
* * * LOW HITPOINT WARNING * * *
The bolt of electricity hits you!
* * * LOW HITPOINT WARNING * * *
The naga sharpshooter shoots a bolt.
The bolt hits you!!
You die...

#........##.##..##..(.PPP...>.
#........##.####.).....(P###..
#.......###.#.####..#....# ##.
##.....## #...# #...#.....# #.
#...#..###..# #....#.....# #.
.....##..##...##.S...#.....#
## ###.# ##..#..........#.....
#. ##..#.N)...###. #
##..#)@...# # #...#)...#
##.)#....# #...........
...........### ...####....###
.. ##..## . .... ....


You could see a naga sharpshooter and a shock serpent.

Vanquished Creatures
  A frost giant (IceCv)
  3 orc warlords
  A dire elephant (Lair:5)
  Snorg (Lair:5)
  A rakshasa (D:15)
  4 hydras
  Erolcha (Orc:2)
  A vault guard (D:14)
  2 catoblepae
  3 centaur warriors
  An ogre mage (D:15)
  2 anacondas (Snake:1)
  9 two-headed ogres
  A boulder beetle (D:12)
  7 death yaks
  3 tengu warriors
  A spectral dire elephant (Lair:5)
  A shock serpent (Snake:1)
  2 naga sharpshooters (Snake:1)
  4 orc high priests (Orc:2)
  Sonja (Orc:1)
  A naga warrior (Snake:1)
  8 skeletal warriors
  2 skysharks (Lair:5)
  A spectral anaconda (Lair:5)
  5 orc knights
  Pikel (D:4)
  5 necromancers
  An ugly thing (D:12)
  2 deep elf pyromancers (D:15)
  10 cyclopes
  8 manticores
  6 orc sorcerers
  Maurice (Orc:2)
  A meliai (D:12)
  An ice statue (IceCv)
  26 elephants
  8 black mambas
  3 kobold blastminers
  2 centaur zombies (D:15)
  13 cane toads
  A dire elephant zombie (Lair:5)
  A centaur skeleton (D:15)
  8 rime drakes
  Jeremiah (D:6)
  A kobold demonologist (D:10)
  3 tengu conjurers
  2 unseen horrors
  2 efreet
  7 komodo dragons
  8 trolls
  2 hornets
  7 polar bears
  Grinder (D:6)
  Prince Ribbit (D:8)
  A wind drake (Lair:3)
  21 blink frogs
  A spectral elephant (Lair:5)
  Sigmund (D:2)
  12 slime creatures
  5 wraiths
  47 yaks
  A vampire (D:12)
  5 wyverns
  2 water elementals (D:14)
  7 basilisks
  A warg (D:15)
  2 steam dragons
  10 vampire mosquitoes
  2 death yak simulacra (Lair:5)
  Menkaure (D:6)
  A spectral cane toad (Lair:5)
  9 nagas
  14 water moccasins
  A black bear (Lair:1)
  3 sky beasts
  3 ogres
  58 orc warriors
  4 laughing skulls (D:15)
  4 elephant zombies (Lair:5)
  39 wolves
  3 centaurs
  2 lemures (D:3)
  A phantom (D:6)
  3 kobold brigands
  10 bullfrogs
  4 scorpions (D:5)
  A gnoll sergeant (D:7)
  2 cane toad simulacra (Lair:5)
  8 wights
  9 killer bees
  6 howler monkeys
  2 jellies
  10 electric eels
  5 bombardier beetles
  A quasit (D:6)
  Crazy Yiuf (D:7)
  23 orc priests
  A sleepcap (D:6)
  7 hounds
  A gnoll bouda (D:8)
  4 iguanas
  22 orc wizards
  6 hell rats (Lair:1)
  28 gnolls
  7 adders
  4 shadow imps
  7 ufetubi
  3 dart slugs
  2 ribbon worms
  98 orcs
  4 ball pythons
  5 bats
  11 endoplasms
  A giant cockroach (D:4)
  12 hobgoblins
  2 jackals (D:1)
  19 kobolds
  3 quokkas
  7 frilled lizards
  20 goblins
  A rat (D:3)
821 creatures vanquished.

Vanquished Creatures (collateral kills)
  Saint Roka (Orc:2)
  An orc warlord (Bailey)
  4 orc warriors
  An orc (Bailey)
  2 goblins (Bailey)
9 creatures vanquished.

Vanquished Creatures (others)
  An orc (D:10)
1 creature vanquished.

Grand Total: 831 creatures vanquished

Notes
Turn   | Place    | Note
-------+----------+-------------------------------------------
     0 | D:1      | jasper the Mountain Dwarf Berserker began the quest for the
                  | Orb.
     0 | D:1      | Reached XP level 1. HP: 19/19 MP: 1/1
    42 | D:1      | Reached skill level 4 in Axes
   134 | D:1      | Reached XP level 2. HP: 26/26 MP: 2/2
   144 | D:1      | Found a faded altar of an unknown god.
   186 | D:1      | Found Sedwer's Weapon Boutique.
   376 | D:1      | Found Suti Rir's Antique Weapon Boutique.
   443 | D:1      | Found Jylluz's Book Shop.
   502 | D:1      | Found Roweck's Armour Shop.
   638 | D:2      | Noticed Sigmund
   647 | D:2      | Killed Sigmund
   648 | D:2      | Reached skill level 6 in Axes
   648 | D:2      | Reached XP level 3. HP: 33/33 MP: 3/3
   648 | D:2      | Reached XP level 4. HP: 40/40 MP: 4/4
   648 | D:2      | Reached XP level 5. HP: 46/46 MP: 5/5
   902 | D:2      | You are sucked into a shaft and drop 1 floor!
  1223 | D:2      | Found a stormy altar of Qazlal.
  1236 | D:2      | Reached ** piety under Trog
  1852 | D:3      | Found an ornate altar of the Wu Jian Council.
  1932 | D:3      | Found an iron altar of Okawaru.
  2272 | D:3      | Reached XP level 6. HP: 53/53 MP: 6/6
  2591 | D:1      | Bought a twisted hand axe for 176 gold pieces
  2591 | D:1      | Identified the +6 hand axe of Fixor {flame, rF+} (You
                  | bought it in a shop on level 1 of the Dungeon)
  2662 | D:4      | Noticed Pikel
  2794 | D:4      | Killed Pikel
  2795 | D:4      | Reached skill level 5 in Fighting
  2795 | D:4      | Reached skill level 8 in Axes
  2795 | D:4      | Reached XP level 7. HP: 61/61 MP: 7/7
  3074 | D:4      | Reached skill level 5 in Armour
  3263 | D:4      | Reached XP level 8. HP: 70/70 MP: 8/8
  3611 | D:5      | Entered Level 5 of the Dungeon
  3619 | D:5      | Reached skill level 9 in Axes
  3629 | D:5      | Reached *** piety under Trog
  4099 | D:5      | Reached skill level 10 in Axes
  4179 | D:5      | Found Cinirchu's Distillery.
  4182 | D:5      | Bought a potion of curing for 39 gold pieces
  4445 | D:6      | Noticed Jeremiah
  4447 | D:6      | Noticed Menkaure
  4450 | D:6      | Killed Menkaure
  4451 | D:6      | Killed Jeremiah
  4452 | D:6      | Reached XP level 9. HP: 79/79 MP: 9/9
  4501 | D:6      | Noticed Grinder
  4516 | D:6      | Killed Grinder
  4517 | D:6      | Reached skill level 11 in Axes
  4645 | D:6      | Reached **** piety under Trog
  4730 | D:6      | Found a snail-covered altar of Cheibriados.
  5008 | D:6      | Found a staircase to the Ecumenical Temple.
  5018 | D:6      | Found a hazy altar of Hepliaklqana.
  5174 | D:5      | Bought a potion of lignification for 39 gold pieces
  5174 | D:5      | Bought a potion of curing for 39 gold pieces
  5174 | D:5      | Bought a potion of might for 52 gold pieces
  5610 | D:7      | Reached skill level 12 in Axes
  6075 | D:7      | Found a sacrificial altar of Ru.
  6078 | D:7      | Found a shimmering altar of Xom.
  6194 | D:7      | Found a runed translucent door.
  6196 | D:7      | Noticed Crazy Yiuf
  6202 | D:7      | Killed Crazy Yiuf
  6375 | D:8      | Noticed Prince Ribbit
  6399 | D:8      | Killed Prince Ribbit
  6593 | D:8      | Reached XP level 10. HP: 82/90 MP: 10/10
  6744 | D:8      | Reached skill level 13 in Axes
  7277 | D:9      | Noticed a two-headed ogre
  7289 | D:9      | Killed a two-headed ogre
  7366 | D:9      | Reached ***** piety under Trog
  7581 | D:10     | Entered Level 10 of the Dungeon
  7629 | D:10     | Noticed a rust devil
  7663 | D:10     | Found a flagged portal.
  7683 | Bailey   | Entered a bailey
  7849 | Bailey   | Reached skill level 14 in Axes
  7849 | Bailey   | Received a gift from Trog
  7986 | Bailey   | HP: 4/91 [orc warrior/+0 broad axe (12)]
  8206 | Bailey   | Identified a scroll of acquirement
  8206 | Bailey   | Acquired the -2 pair of gloves of Privacy {*Slow +Inv
                  | Str+8}
  8290 | Bailey   | Noticed an orc knight
  8312 | Bailey   | Killed an orc knight
  8495 | Bailey   | Noticed an orc warlord
  8503 | Bailey   | Killed an orc warlord
  8504 | Bailey   | Reached skill level 10 in Fighting
  8504 | Bailey   | Reached XP level 11. HP: 84/99 MP: 11/11
  8525 | Bailey   | Acquired 1140 gold pieces
  8606 | D:10     | Reached skill level 15 in Axes
  9149 | D:10     | Found a burning altar of Makhleb.
  9936 | D:11     | Identified the +5 battleaxe of Midwinter {flame, *Rage rC+
                  | rCorr Str+2} (Trog gifted it to you on level 11 of the
                  | Dungeon)
  9936 | D:11     | Received a gift from Trog
  9937 | D:11     | Reached skill level 10 in Armour
 10272 | D:11     | HP: 5/101 [manticore (17)]
 10605 | D:11     | Noticed a two-headed ogre
 10611 | D:11     | Killed a two-headed ogre
 10656 | D:11     | Noticed a two-headed ogre
 10661 | D:11     | Killed a two-headed ogre
 10662 | D:11     | Reached skill level 16 in Axes
 10915 | D:11     | Found a staircase to the Orcish Mines.
 11392 | D:9      | Found a shimmering blue altar of Sif Muna.
 11761 | Orc:1    | Entered Level 1 of the Orcish Mines
 11764 | Orc:1    | Noticed Sonja
 12127 | Orc:1    | Killed Sonja
 12128 | Orc:1    | Reached XP level 12. HP: 80/93 MP: 12/12
 12238 | Orc:2    | Entered Level 2 of the Orcish Mines
 12238 | Orc:2    | Noticed an orc warlord
 12676 | Orc:1    | Killed an orc warlord
 12677 | Orc:1    | Reached skill level 17 in Axes
 12897 | Orc:2    | Noticed Erolcha
 12916 | Orc:2    | HP: 2/109 [something/fireball (25)]
 13148 | Orc:2    | Killed Erolcha
 13360 | Orc:2    | Noticed an orc warlord
 13397 | Orc:1    | Killed an orc warlord
 13673 | Orc:2    | Found a staircase to the Elven Halls.
 13690 | Orc:2    | Noticed Saint Roka
 13693 | Orc:2    | Found a roughly hewn altar of Beogh.
 13707 | Orc:2    | Killed Saint Roka
 13708 | Orc:2    | Reached skill level 18 in Axes
 14491 | Orc:2    | Noticed an orc high priest
 14491 | Orc:2    | Noticed an orc high priest
 14491 | Orc:2    | Noticed an orc warlord
 14494 | Orc:2    | Killed an orc high priest
 14494 | Orc:2    | Received a gift from Trog
 14724 | Orc:2    | Reached XP level 13. HP: 112/119 MP: 13/13
 15092 | Orc:2    | Reached skill level 19 in Axes
 15127 | Orc:2    | Killed an orc warlord
 15420 | Orc:2    | Noticed Maurice
 15431 | Orc:2    | Something stole a ring of fire
 15433 | Orc:2    | Something stole the +7 hand axe of Fixor {flame, rF+}
 15434 | Orc:2    | Something stole 706 gold
 15435 | Orc:2    | Something stole a sack of spiders
 15438 | Orc:2    | Something stole 6 silver javelins
 15441 | Orc:2    | Something stole 458 gold
 15442 | Orc:2    | Killed Maurice
 15747 | Orc:2    | Found Iplout's Antique Armour Boutique.
 15748 | Orc:2    | Found Ryahes's Antique Weapon Shop.
 15749 | Orc:2    | Found Coyddetroju's General Store.
 15749 | Orc:2    | Found Cyzizxir's Jewellery Boutique.
 15753 | Orc:2    | Bought a scroll of teleportation for 36 gold pieces
 15753 | Orc:2    | Bought a potion of curing for 36 gold pieces
 15753 | Orc:2    | Bought a wand of flame (8) for 67 gold pieces
 16104 | D:9      | Found a staircase to the Lair.
 16370 | Lair:1   | Entered Level 1 of the Lair of Beasts
 17076 | Lair:1   | Received a gift from Trog
 17824 | Lair:2   | Reached skill level 20 in Axes
 18085 | Lair:2   | Found a runed translucent door.
 18085 | Lair:2   | Noticed Ugeubom's ghost (journeyman DrSh)
 18776 | Lair:3   | Found a staircase to the Shoals.
 19069 | Lair:3   | Found a staircase to the Snake Pit.
 19546 | Lair:4   | Received a gift from Trog
 19602 | Lair:4   | Reached XP level 14. HP: 108/130 MP: 14/14
 20316 | Lair:4   | Found a staircase to the Slime Pits.
 20319 | Lair:4   | Found a viscous altar of Jiyva.
 20716 | Lair:5   | Entered Level 5 of the Lair of Beasts
 20871 | Lair:5   | Reached skill level 21 in Axes
 20937 | Lair:5   | Received a gift from Trog
 21931 | Lair:5   | Noticed Snorg
 21938 | Lair:5   | Killed Snorg
 22464 | Lair:5   | Reached skill level 22 in Axes
 22675 | Lair:5   | Reached skill level 15 in Fighting
 22967 | Lair:5   | Reached XP level 15. HP: 138/141 MP: 15/15
 23196 | D:12     | Reached ****** piety under Trog
 23197 | D:12     | Reached skill level 15 in Armour
 23626 | D:12     | Identified the +1 orcbow of Tortfeasance {flame, ^Contam
                  | rPois rC+ Will+++}
 23626 | D:12     | Noticed Rupert
 23847 | D:13     | Received a gift from Trog
 23952 | D:13     | Found a frozen archway.
 23988 | IceCv    | Entered an ice cave
 24376 | IceCv    | Reached skill level 23 in Axes
 24419 | IceCv    | Noticed a frost giant
 24432 | IceCv    | Killed a frost giant
 25278 | D:14     | Received a gift from Trog
 25568 | D:14     | Reached skill level 24 in Axes
 25768 | D:14     | Reached skill level 1 in Evocations
 25779 | D:14     | Found a gate to the Vaults.
 26111 | D:15     | Entered Level 15 of the Dungeon
 26337 | D:15     | Reached XP level 16. HP: 95/151 MP: 16/16
 26660 | D:15     | Found a staircase to the Depths.
 27167 | D:15     | Found Caerois's General Store.
 27175 | D:15     | Bought a scroll of fog for 52 gold pieces
 27175 | D:15     | Bought a +2 helmet of intelligence for 279 gold pieces
 27497 | Snake:1  | Entered Level 1 of the Snake Pit
 27703 | Snake:1  | Received a gift from Trog
 28097 | Snake:1  | Shot with a bolt by a naga sharpshooter

Illustrated notes

Levels and vault maps discovered:
D:1:      spicycebolla_green_bress_n_ham_2, layout_rooms, serial_shops, shop,
          shop, nicolae_shop_bloodbath_and_beyond, shop,
          hellmonk_ecumenical_altar_inner_sanctum
D:2:      layout_basic, basic_altar, uniq_sigmund
D:3:      layout_basic, okawaru_metal_pillars_1_2,
          mainiacjoe_overflow_tiny_flanked, hangedman_abyss_or_decor_stabs
D:4:      layout_cave_pools, minmay_fractal_squares_diagonal_5, uniq_pikel
D:5:      nicolae_cairo_tiling_large, layout_basic, serial_shops,
          nicolae_shop_tiny_real_fake_doors
D:6:      layout_loops_cross, amcnicky_altar_gilded,
          nicolae_overflow_hidden_temple, minmay_temple_entry_enclosed_plants,
          serial_demonic, serial_demonic_d, serial_demonic_a, serial_demonic_g,
          serial_demonic_f, uniq_jeremiah, uniq_grinder, uniq_menkaure
D:7:      layout_basic, minitemple, uniq_crazy_yiuf_cottage
D:8:      layout_cave_pools, kennysheep_small_circle, uniq_prince_ribbit1
D:9:      layout_irregular_city, mainiacjoe_overflow_six_doors_small,
          erik_lair_island
D:10:     layout_basic, marbit_many_paths, enter_bailey_3
D:11:     layout_basic, orc_0_dummy
D:12:     minmay_the_grid_four_pointed_star_mashed
          [minmay_the_grid_triangle_9x9_checkered,
          minmay_the_grid_triangle_9x9_flanged_cone,
          minmay_the_grid_triangle_9x9_limited_checkers,
          minmay_the_grid_triangle_9x9_windchime,
          minmay_the_grid_prize_four_corners_diamond_b], layout_cave_pools,
          uniq_rupert
D:13:     layout_roguey, portal_ice_cave_entry_pillars_2
D:14:     layout_basic, david_vaults_5
D:15:     grunt_enter_depths_magical_seal, layout_loops_cross, serial_shops,
          shop, corexii_corridor_pit
Lair:1:   layout_cellular_growth, eino_small_chamber_without_monster
Lair:2:   layout_chaotic_city, ebering_ghost_inner_flame
Lair:3:   layout_gridlike, minmay_shoals_entry_beasts,
          nicolae_snake_entry_squirm
Lair:4:   layout_cave_pods, slime_entry_1, pdpol_lair_neglected_garden
Lair:5:   due_jungle_book, layout_cave_pods, uniq_snorg
Snake:1:  layout_chambers, lemuel_fruit_tree, minmay_shoptagon
Orc:1:    layout_diamond_mine, uniq_sonja
Orc:2:    st_orc_congregation, layout_diamond_mine, basic_altar,
          lemuel_statue_altar, uniq_saint_roka, uniq_maurice, uniq_erolcha

Skill      XL: |  1  2  3  4  5  6  7  8  9 10 11 12 13 14 15 16 |
---------------+-------------------------------------------------+-----
Axes           | 4 6 8 10 12 14 16 18 20 22 24 | 24.0
Fighting       | 4 5 7 8 10 11 12 13 15 16 | 16.5
Armour         | 3 4 5 6 8 9 11 12 13 14 15 | 15.8
Dodging        | 3 4 |  4.4
Evocations     | 2 4 |  4.1

Action                     |  1- 3 |  4- 6 |  7- 9 | 10-12 | 13-15 | 16-18 || total
---------------------------+-------+-------+-------+-------+-------+-------++-------
  Melee: Hand axe          |    78 |   135 |   276 |    27 |       |       ||   516
         Battleaxe         |       |       |       |   549 |   177 |       ||   726
         Executioner's axe |       |       |       |       |   698 |    91 ||   789
  Throw: Stone             |       |       |     6 |     4 |       |       ||    10
         Dart              |       |       |     1 |     7 |       |       ||     8
         Boomerang         |       |       |       |       |     1 |     2 ||     3
 Invoke: Berserk           |     1 |     1 |     1 |     7 |     1 |       ||    11
         Trog's Hand       |       |       |     1 |     8 |     6 |     2 ||    17
         Brothers in Arms  |       |       |       |     4 |     1 |       ||     5
  Evoke: Wand              |       |       |     6 |     3 |     7 |       ||    16
         Lightning rod     |       |       |       |     5 |     9 |       ||    14
         Sack of spiders   |       |       |       |     2 |       |       ||     2
    Use: Scroll            |       |     8 |     8 |    11 |    16 |       ||    43
         Potion            |       |       |       |     2 |       |       ||     2
   Stab: Petrified         |       |       |       |       |     4 |       ||     4
         Distracted        |       |       |       |       |     1 |       ||     1
 Armour: Animal skin       |    13 |       |       |       |       |       ||    13
         Ring mail         |    34 |    63 |    33 |       |       |       ||   130
         Scale mail        |       |       |   117 |       |       |       ||   117
         Chain mail        |       |       |    12 |    35 |       |       ||    47
         Plate armour      |       |       |       |   651 |   977 |   137 ||  1765
  Dodge: Dodged            |    50 |    56 |   106 |   235 |   324 |    48 ||   819

Table legend: (Time is in decaauts)
 A = Elapsed time spent in this place.
 B = Non-inter-level travel time spent in this place.
 C = Inter-level travel time spent in this place.
 D = Time resting spent in this place.
 E = Time spent auto-exploring this place.
 F = Levels seen in this place.
 G = Mean time per level.
                   A        B        C        D        E       F      G
               +--------+--------+--------+--------+--------+-----+--------+
         Total |  27939 |  26431 |   1508 |   3371 |  17779 |  25 | 1117.6 |
       Dungeon |  15499 |  14525 |    974 |   1939 |   9822 |  15 | 1033.3 |
          Lair |   6705 |   6340 |    365 |     82 |   5144 |   5 | 1341.0 |
     Snake Pit |    587 |    587 |      0 |     15 |    471 |   1 |  587.0 |
  Orcish Mines |   3547 |   3379 |    168 |   1323 |   1240 |   2 | 1773.5 |
        Bailey |    894 |    894 |      0 |     10 |    621 |   1 |  894.0 |
      Ice Cave |    705 |    705 |      0 |      2 |    481 |   1 |  705.0 |
               +--------+--------+--------+--------+--------+-----+--------+

Top non-repeatable levels by time:
  Lair:5: 2273 daAuts
   Orc:1: 1825 daAuts
   Orc:2: 1721 daAuts
    D:11: 1673 daAuts
    D:10: 1529 daAuts
     D:9: 1449 daAuts
  Lair:4: 1191 daAuts
    D:15: 1178 daAuts
  Lair:2: 1149 daAuts
     D:7: 1130 daAuts
    D:14: 1119 daAuts
  Lair:3: 1084 daAuts
     D:2: 1052 daAuts
     D:3: 1033 daAuts
  Lair:1: 1007 daAuts
